AoeStats
← martijn

Oasis

510150341Analyzed
4v4 RM · 3d ago on Sep 29, 2026· 86m 46s· 8 players
Game mode
Random Map
Map size
Large (8 player)
Population
200
Speed
Normal
Resources
Standard
Victory
Conquest
Starting age
Dark Age
Ending age
Imperial Age
RankedLock teamsTeams togetherTeam positionsShared explorationLock speedFull tech treeHidden civsTurbo modeCheats
Victory
Defeat
🇦🇷 Persians · Argentina
1052
+15
🇫🇷 Mongols · France
984
+18
🇨🇳 Italians · China
975
+18
🇺🇸 Romans · United States
915
+21
🇳🇱 Ethiopians · Netherlands
1103
-22
🇳🇱 Koreans · Netherlands
1084
-20
🇳🇱 Franks · Netherlands
983
-30
🇳🇱 Ethiopians · Netherlands
936
-23
Akranon
0:48 Loom
11:42 Feudal Age
12:26 Double-Bit Axe
12:24 Horse Collar
12:36 Gold Mining
12:40 Man-at-Arms
17:21 Stone Mining
18:52 Fletching
19:03 Town Watch
20:55 Wheelbarrow
24:14 Scale Mail Armor
24:25 Forging
27:02 Castle Age
26:30 Padded Archer Armor
26:36 Scale Barding Armor
28:10 Caravan
29:01 Gold Shaft Mining
28:38 Bow Saw
28:47 Hand Cart
28:34 Heavy Plow
28:03 Pikeman
28:43 Squires
28:04 Long Swordsman
29:13 Chain Mail Armor
31:46 Iron Casting
32:18 Fortified Wall
34:08 Masonry
33:25 Long Swordsman
37:59 Ballistics
38:21 Ballistas
41:44 Imperial Age
41:43 Bodkin Arrow
41:48 Heavy Scorpion
44:14 Chemistry
42:48 Capped Ram
44:11 Siege Engineers
44:28 Siege Ram
45:11 Husbandry
45:22 Bloodlines
44:33 Cavalier
44:33 Light Cavalry
45:42 Devotion
45:44 Guard Tower
46:29 Architecture
47:37 Blast Furnace
51:12 Conscription
51:13 Comitatenses
56:15 Blast Furnace
56:54 Chain Barding Armor
60:17 Plate Barding Armor
59:30 Legionary
64:59 Leather Archer Armor
74:13 Sappers
75:25 Halberdier
Doni
8:49 Loom
11:11 Feudal Age
15:21 Castle Age
13:31 Double-Bit Axe
13:57 Horse Collar
14:11 Gold Mining
18:52 Wheelbarrow
18:32 Bow Saw
24:21 Heavy Plow
26:05 Hand Cart
26:06 Stone Mining
30:44 Imperial Age
28:24 Caravan
29:13 Forging
29:09 Scale Barding Armor
29:37 Fletching
29:48 Padded Archer Armor
30:37 Iron Casting
30:26 Ballistics
30:03 Murder Holes
30:54 Stone Shaft Mining
30:48 Bodkin Arrow
31:14 Chain Barding Armor
31:06 Masonry
31:06 Husbandry
30:30 Light Cavalry
31:24 Bloodlines
32:58 Chemistry
32:15 Leather Archer Armor
33:02 Blast Furnace
31:48 Capped Ram
32:08 Hussar
34:01 Gold Shaft Mining
33:53 Conscription
33:58 Bracer
34:28 Elite Mangudai
37:19 Siege Ram
39:36 Hoardings
39:27 Drill
39:09 Nomads
59:35 Onager
78:31 Parthian Tactics
JuaNCaBj
6:48 Loom
9:37 Feudal Age
13:29 Double-Bit Axe
13:25 Horse Collar
15:18 Padded Archer Armor
15:09 Fletching
20:46 Arson
26:00 Forging
30:33 Castle Age
29:12 Scale Barding Armor
Aya
12:10 Feudal Age
16:03 Castle Age
18:05 Double-Bit Axe
18:03 Horse Collar
24:24 Bow Saw
24:18 Heavy Plow
25:05 Stone Mining
25:07 Gold Mining
25:07 Loom
26:45 Stone Shaft Mining
27:51 Wheelbarrow
31:09 Imperial Age
30:20 Fletching
30:31 Padded Archer Armor
30:19 Treadmill Crane
31:00 Ballistics
Tapi
2:53 Loom
10:49 Feudal Age
14:35 Double-Bit Axe
16:11 Horse Collar
16:45 Fletching
27:01 Castle Age
27:34 Padded Archer Armor
27:38 Scale Mail Armor
28:40 Bodkin Arrow
28:29 Crossbowman
32:33 Bow Saw
34:04 Chain Mail Armor
33:59 Forging
34:18 Padded Archer Armor
34:30 Thumb Ring
38:19 Wheelbarrow
38:38 Gold Mining
41:53 Imperial Age
39:44 Royal Heirs
42:37 Forging
42:43 Chain Mail Armor
43:27 Ballistics
43:11 Bracer
47:20 Chain Mail Armor
47:40 Iron Casting
47:17 Squires
47:02 Arson
58:33 Masonry
75:32 Onager
77:16 Torsion Engines
79:21 Siege Engineers
85:03 Chemistry
MLGGandalf
1:42 Loom
14:19 Feudal Age
17:04 Town Watch
23:31 Castle Age
22:08 Fletching
23:09 Double-Bit Axe
23:08 Horse Collar
24:57 Bodkin Arrow
25:14 Bow Saw
24:35 Crossbowman
27:17 Wheelbarrow
29:30 Heavy Plow
30:54 Gold Mining
36:33 Imperial Age
34:19 Hand Cart
37:52 Bracer
38:02 Thumb Ring
38:30 Conscription
39:28 Arbalester
42:18 Elite War Wagon
44:24 Two-Man Saw
44:00 Gold Shaft Mining
43:42 Town Patrol
44:27 Heavy Rocket Cart
47:03 Stone Mining
48:16 Ballistics
48:19 Siege Engineers
53:24 Shinkichon
56:41 Scale Barding Armor
75:11 Caravan
79:04 Scale Mail Armor
79:15 Forging
79:17 Pikeman
79:58 Squires
79:44 Arson
80:22 Chain Mail Armor
80:21 Halberdier
martijn
3:25 Loom
16:40 Feudal Age
18:49 Double-Bit Axe
21:31 Scale Barding Armor
21:40 Forging
30:28 Castle Age
32:15 Chain Barding Armor
32:33 Iron Casting
31:25 Light Cavalry
39:39 Bow Saw
41:59 Husbandry
47:29 Gold Mining
47:29 Stone Mining
62:28 Imperial Age
65:57 Cavalier
67:27 Ballistics
Dorlov
7:04 Loom
11:37 Feudal Age
16:20 Padded Archer Armor
16:54 Horse Collar
18:21 Man-at-Arms
26:00 Castle Age
29:01 Crossbowman
30:08 Leather Archer Armor
29:47 Fletching
31:53 Bodkin Arrow
34:40 Wheelbarrow
34:19 Double-Bit Axe
38:12 Bow Saw
38:05 Heavy Plow
39:03 Murder Holes
39:04 Long Swordsman
43:44 Imperial Age
42:05 Squires
42:15 Thumb Ring
44:23 Two-Handed Swordsman
45:03 Arbalester
47:19 Ring Archer Armor
50:51 Heated Shot
52:03 Chemistry
51:18 Scale Mail Armor
51:29 Forging
50:58 Halberdier
56:18 Onager
56:34 Elite Skirmisher
58:17 Hand Cart
61:05 Chain Mail Armor
60:56 Scale Barding Armor
60:56 Bracer
64:16 Onager
77:51 Gold Mining
Connection lost

Rejoining the realm…

Still unreachable

The connection could not be restored.

Session expired

The server has moved on; the page needs a fresh start.